 Dungeon Crawl Stone Soup version 0.14-a0-1297-g3d87a2a (webtiles) character file.

172 PolkaDot the Ruinous (level 4, -6/30 HPs)
             Began as a Vampire Conjurer on Dec 5, 2013.
             Killed from afar by an orc wizard (8 damage)
             ... with a magic dart
             ... on Level 3 of the Dungeon.
             The game lasted 00:10:43 (2374 turns).

PolkaDot the Ruinous (Vampire Conjurer)             Turns: 2374, Time: 00:10:43

HP  -6/30        AC  2     Str 12      XL: 4   Next: 42%
MP   7/7         EV 12     Int 18      God:
Gold 75          SH  0     Dex 14      Spells:  2 memorised,  4 levels left

rFire  . . .     SeeInvis +     l - +1,+3 spear (venom)
rCold  . . .     Clarity  .     a - +0 robe
rNeg   . . .     Conserve .     (no shield)
rPois  .         rCorr    .     (no helmet)
rElec  .         rRot     .     (no cloak)
SustAb . .       Spirit   .     (no gloves)
rMut   .         Warding  .     (no boots)
Saprov . . .     Stasis   .     (no amulet)
                                (no ring)
                                q - +0,+9 ring of slaying {unknown}

@: regenerating quickly, mighty, slowed, very slow, slightly resistant to
hostile enchantments, stealthy
A: fangs 3, see invisible, unbreathing
a: no special abilities


You were on level 3 of the Dungeon.
You were very full.

You visited 1 branch of the dungeon, and saw 3 of its levels.

You collected 75 gold pieces.

Inventory:

Hand weapons
 e - a +1,+1 dwarven dagger
 l - a +1,+3 spear of venom (weapon)
Armour
 a - a +0 robe (worn)
Scrolls
 f - 3 scrolls of enchant weapon I {unknown}
 g - 3 scrolls of remove curse
 i - 2 scrolls of teleportation {unknown}
 j - 2 scrolls of identify {unknown}
 k - a scroll of immolation {unknown}
 m - 2 scrolls of amnesia {unknown}
 n - a scroll of noise {unknown}
 o - a scroll of curse armour {unknown}
Jewellery
 q - a +0,+9 ring of slaying (left hand) {unknown}
Potions
 d - a potion of degeneration {unknown}
 h - a potion of curing {unknown}
 p - a potion of agility {unknown}
Books
 c - a book of Conjurations

   Spells                             Type                      Level
   *Magic Dart                        Conjuration                  1
   *Searing Ray                       Conjuration                  2
   Dazzling Spray                     Conjuration/Hexes            3
   Iskenderun's Mystic Blast          Conjuration                  4
   Iskenderun's Battlesphere          Conjuration/Charms           4
   Fulminant Prism                    Conjuration/Hexes            5


   Skills:
 - Level 2.1 Dodging
 - Level 3.0 Stealth
 - Level 2.0 Spellcasting
 * Level 4.4 Conjurations


You had 4 spell levels left.
You knew the following spells:

 Your Spells              Type           Power        Failure   Level  Hunger
a - Magic Dart            Conj           ###.         3%          1    #......
s - Searing Ray           Conj           ###...       6%          2    ##.....


Dungeon Overview and Level Annotations

Branches:
Dungeon (3/16)

Altars:
Zin


Innate Abilities, Weirdness & Mutations

Your natural rate of healing is unusually fast.
You have razor-sharp teeth.*
You have supernaturally acute eyesight.
You can survive without breathing.*


Message History

The orc wizard casts a spell at you. The puff of flame hits you!
The orc wizard hits you with an orcish dagger.
An orc comes into view. It is wielding an orcish club.
The orc wizard casts a spell at you. The magic dart hits you!
The orc wizard mumbles some strange words.
The orc wizard blinks!
The orc wizard casts a spell at you. The magic dart hits you!
* * * LOW HITPOINT WARNING * * *
The orc wizard casts a spell at you. The magic dart hits you!
* * * LOW HITPOINT WARNING * * *
Drink which item? (? for menu, Esc to quit)
You feel very mighty all of a sudden.
It was a potion of might.
The orc wizard points at you and mumbles some strange words.
The magic dart hits you!
You die...

.###............##
.#...............##
.#................##
.#.....(...........##
#...................##
...........o.o.......##
......................##
.......................#
................@......#
.......................###
...)......................
..)..(.%...............#
.......................##..
............%............#
..............<........#.#
.......................#
.......................#


You could see 2 orc wizards.

Vanquished Creatures
  3 adders (D:2)
  A worm (D:3)
  2 giant geckos
  2 oozes (D:1)
  2 orcs (D:2)
  4 bats (D:2)
  4 giant cockroaches
  8 hobgoblins
  5 kobolds
  2 quokkas (D:2)
  A ball python (D:2)
  5 giant newts
  8 goblins
  10 rats
57 creatures vanquished.

Notes
Turn   | Place    | Note
--------------------------------------------------------------
     0 | D:1      | PolkaDot, the Vampire Conjurer, began the quest for the Orb.
     0 | D:1      | Reached XP level 1. HP: 13/13 MP: 3/3
   323 | D:1      | Reached XP level 2. HP: 14/19 MP: 0/4
  1336 | D:2      | Reached XP level 3. HP: 16/24 MP: 6/6
  1366 | D:2      | HP: 1/24 [orc (5)]
  1676 | D:2      | Learned a level 2 spell: Searing Ray
  1710 | D:2      | Reached skill level 4 in Conjurations
  1718 | D:2      | Found a glowing silver altar of Zin.
  1960 | D:2      | Reached XP level 4. HP: 25/30 MP: 2/7
  2374 | D:3      | Killed from afar by an orc wizard

Action                   |  1- 3 |  4- 6 || total
-------------------------+-------+-------++-------
Melee: Unarmed           |     5 |       ||     5
       Dagger            |    84 |       ||    84
       Spear             |    13 |    29 ||    42
 Cast: Magic Dart        |    44 |       ||    44
       Searing Ray       |     3 |       ||     3
  Use: Scroll            |     3 |       ||     3
       Potion            |     1 |     1 ||     2
 Stab: Sleeping          |     4 |     2 ||     6
